 Dungeon Crawl Stone Soup version 0.31-a0-174-g85c54bcb58 (webtiles) character file.

Game seed: 15379867882400493290

64303 holysushi the Spry (level 15, -8/72 (79) HPs)
             Began as a Kobold Monk on June 16, 2023.
             Was a High Priest of Dithmenos.
             Mangled by a red devil
             ... wielding a +2 demon trident of venom
             ... summoned by an orc sorcerer
              (16 damage)
             ... while paralysed by an orc sorcerer
             ... on level 2 of the Orcish Mines.
             The game lasted 00:46:18 (26152 turns).

holysushi the Spry (Kobold Monk)                   Turns: 26152, Time: 00:46:18

HP:   -8/72 (79)    AC:  4    Str:  8      XL:     15   Next: 53%
MP:   23/23         EV:  3    Int: 11 (12) God:    Dithmenos [*****.]
Gold: 1562          SH:  0    Dex: 25      Spells: 14/14 levels left

rFire   . . .        b - +6 short sword (speed)
rCold   . . .        (no shield)
rNeg    . . .        J - +0 troll leather armour
rPois   +            F - +0 hat {Stlth+}
rElec   .            (no cloak)
rCorr   .            (no gloves)
SInv    .            (no boots)
Will    +....        z - amulet of reflection Stlth ******++++
                     P - +5 ring of evasion
HPRegen 1.12/turn    X - ring of poison resistance
MPRegen 0.18/turn

%: reflection
@: paralysed, wreathed by umbra, studying Invocations, drained
A: small, no large weapons, nightstalker 3, frail 1
a: Renounce Religion, Shadow Step, Shadow Form


You were on level 2 of the Orcish Mines.
You worshipped Dithmenos.
Dithmenos was extremely pleased with you.
You visited 4 branches of the dungeon, and saw 19 of its levels.
You also visited: Sewer.

You collected 2668 gold pieces.
You spent 1106 gold pieces at shops.

Inventory:

Hand Weapons
 a - a +0 short sword of venom
 b - a +6 short sword of speed (weapon)
 O - a +0 rapier of draining
Missiles
 h - 3 throwing nets
Armour
 d - an orb of light
 g - a +0 buckler
 m - a +0 kite shield
 s - a +1 robe
 B - a +0 helmet
 F - a +0 hat of stealth (worn)
 H - a +1 robe of cold resistance
 J - a +0 troll leather armour (worn)
Jewellery
 k - an amulet of the acrobat
 q - a ring of wizardry
 r - an amulet of magic regeneration
 t - a ring of ice
 y - an amulet of faith
 z - an amulet of reflection (around neck)
 A - a ring of see invisible
 P - a +5 ring of evasion (left hand)
 Q - a ring of positive energy
 X - a ring of poison resistance (right hand)
Wands
 e - a wand of roots (9)
 l - a wand of flame (13)
 R - a wand of paralysis (6)
 T - a wand of light (7)
 W - a wand of digging (5)
Scrolls
 f - 7 scrolls of blinking
 i - 2 scrolls of brand weapon
 C - 3 scrolls of enchant armour
 K - a scroll of poison {unknown}
 L - a scroll of amnesia
 M - 2 scrolls of identify
 N - a scroll of vulnerability
 S - a scroll of fog {unknown}
 Y - a scroll of teleportation
Potions
 c - 3 potions of ambrosia
 j - 3 potions of enlightenment
 n - 3 potions of mutation
 o - 3 potions of lignification
 p - 7 potions of magic
 u - 4 potions of resistance
 v - 5 potions of curing
 w - 4 potions of brilliance
 x - 4 potions of might
 D - 4 potions of heal wounds
 E - 3 potions of attraction
 G - 2 potions of invisibility
 I - 3 potions of haste
Miscellaneous
 U - a tin of tremorstones (2/2)
 V - a lightning rod (2/4)


   Skills:
 - Level 8.0 Fighting
 - Level 15.0 Short Blades
 + Level 20.4 Dodging
 - Level 18.0 Stealth
 + Level 11.2 Invocations
 - Level 4.0 Evocations


You had 14 spell levels left.
You didn't know any spells.
Your spell library contained the following spells:

 Spells                   Type           Power      Damage    Failure   Level
 Summon Small Mammal      Summ           0%         N/A       45%         1
 Sublimation of Blood     Necr           0%         N/A       61%         2
 Wereblood                Tmut           0%         N/A       61%         2
 Call Canine Familiar     Summ           0%         N/A       83%         3
 Dazzling Flash           Conj/Hex       0%         N/A       83%         3
 Portal Projectile        Hex/Tloc       0%         N/A       83%         3
 Summon Guardian Golem    Hex/Summ       0%         N/A       83%         3
 Tukima's Dance           Hex            0%         N/A       83%         3
 Vhi's Electric Charge    Tloc/Air       0%         N/A       83%         3
 Volatile Blastmotes      Fire/Tloc      0%         2d10      83%         3
 Animate Dead             Necr           0%         N/A       99%         4
 Iskenderun's Mystic Bla  Conj/Tloc      0%         2d3       99%         4
 Petrify                  Tmut/Erth      0%         N/A       99%         4
 Arcjolt                  Conj/Air       0%         1d10      100%        5
 Blade Hands              Tmut           0%         N/A       100%        5
 Irradiate                Conj/Tmut      0%         3d11      100%        5
 Starburst                Conj/Fire      0%         6d3       100%        6
 Haunt                    Necr/Summ      0%         N/A       100%        7
 Summon Hydra             Summ           0%         N/A       100%        7
 Infestation              Necr           0%         N/A       100%        8
 Maxwell's Capacitive Co  Air            0%         ∞         100%        8


Dungeon Overview and Level Annotations

Branches:
Dungeon (11/15) Zot: 25693  Temple (1/1) D:7 Zot: 5532    Lair (5/5) D:11 Zot: 22716
 Shoals (0/4) Lair:2        Snake (0/4) Lair:2        Slime (0/5) Lair:4
    Orc (2/2) D:9 Zot: 8724     Elf (0/3) Orc:2         Sewer (visited)

Altars:
Ashenzari
Cheibriados
Dithmenos
Elyvilon
Fedhas
Gozag
Hepliaklqana
Kikubaaqudgha
Makhleb
Nemelex Xobeh
Okawaru
Qazlal
Ru
Sif Muna
Trog
Uskayaw
Vehumet
Wu Jian
Xom
Yredelemnul
Zin
The Shining One

Shops:
Orc:2 **(*=*

Portals:
Pandemonium: Orc:2

Annotations:
D:2 1 runed translucent door, Crazy Yiuf


Innate Abilities, Weirdness & Mutations

You are small and have problems with some larger weapons.
You are completely attuned to the shadows.
You are frail. (-10% HP)


Message History

The roots release their grip on the orc sorcerer.
The roots release their grip on the orc high priest.
The orc sorcerer completely misses you. The demonspawn completely misses you.
The demonspawn closely misses you. The demonspawn completely misses you.
The orc high priest completely misses you.
You barely miss the orc sorcerer.
The orc sorcerer is almost dead.
Your shadow hits the orc sorcerer but does no damage.
The grasping roots constrict the orc sorcerer.
You hit the orc sorcerer.
The orc sorcerer is almost dead.
The grasping roots constrict the orc sorcerer, but do no damage.
The orange demon misses you. The neqoxec gestures at you.
You feel dopey. Something feeds on your intellect!
The demonspawn completely misses you. x2
You block the demonspawn's attack.
The orc high priest completely misses you.
The orc sorcerer mumbles some strange words.
The orc sorcerer casts a spell at you.
You suddenly lose the ability to move!
The grasping roots constrict the orc sorcerer.
The roots release their grip on the orc sorcerer.
The orange demon stings you from afar. The neqoxec hits you.
The demonspawn barely misses you. The demonspawn claws you.
The demonspawn gores you!
The orc high priest hits you with a +0 glaive.
The orc sorcerer hits you but does no damage.
The orange demon stings you from afar. The neqoxec gestures at you.
Strange energies course through your body.
You feel frail. The demonspawn hits you. The demonspawn claws you!
The demonspawn gores you!
* * * LOW HITPOINT WARNING * * *
The orc high priest hits you with a +0 glaive.
* * * LOW HITPOINT WARNING * * *
The orc sorcerer hits you with a +0 dagger.
* * * LOW HITPOINT WARNING * * *
The red devil hits you from afar with a +2 demon trident of venom!
You die...

##.###.#...#.###.........
####..).))...###........
##...#.#.#...###....... #
##...##...##...###...... #
##...##..#..##...###..... ###
##...##..###..##...###.... #.###
##.#.##..##∩##..##)#.###...
.##.###..)##..##.3.##..##...###..
##.))###)#)##..#@oo#..##.#.###.).
.#.)).###)).##.6#o#..##...###....
....).)###.).##..44.##...###.....
....##).###...##...##...###..##..
.#.####..###...##.##...###..###..
#### ##..###...###.).###..###...
##.)##....#..).##..###....
##).#.#.....#)#..###..... ##
##)).)......).)###......


You could see a demonspawn, an orc high priest, an orange demon (summoned), a
neqoxec (summoned), 2 orc sorcerers and a red devil (summoned).

Vanquished Creatures
  Gastronok (Lair:3)
  The ghost of lessens the Bludgeoner, a journeyman FoFi of Okawaru (Orc:1)
  An orc warlord (Orc:1)
  Fannar (D:10)
  Erolcha (D:10)
  Harold (D:10)
  3 hydras
  A merfolk avatar (Lair:5)
  2 two-headed ogres
  A boulder beetle (Lair:3)
  Nergalle (D:10)
  3 orc high priests (Orc:2)
  2 skysharks
  A sixfirhy (Orc:2)
  Lodul (D:9)
  The ghost of Cetrigux the Jinx, a novice SpEn of Kikubaaqudgha (Lair:1)
  Pikel (D:4)
  6 orc knights
  A harpy (Lair:5)
  10 orc sorcerers
  3 cyclopes (D:11)
  9 elephants
  Joseph (D:10)
  2 guardian serpents
  4 black mambas
  2 gargoyles
  11 cane toads
  A kobold demonologist (D:10)
  An ice devil (Orc:2)
  10 komodo dragons
  12 rime drakes
  2 polar bears
  6 trolls
  2 wind drakes (Lair:5)
  A hellwing (Orc:2)
  10 hornets
  14 blink frogs
  A snapping turtle (Lair:5)
  29 yaks
  A vampire (D:11)
  10 wyverns
  Sigmund (D:2)
  2 shadows (D:10)
  A wraith (D:9)
  3 humans (D:6)
  3 basilisks
  A chaos spawn (Orc:2)
  11 steam dragons
  Edmund (D:4)
  5 wargs
  2 acid dragons
  11 water moccasins
  A swamp drake (D:9)
  5 black bears
  A sky beast (D:4)
  29 orc warriors
  17 ogres
  6 wolves (Lair:4)
  5 centaurs
  3 kobold brigands
  2 lemures
  A phantom (D:5)
  10 bullfrogs
  5 scorpions
  5 wights (D:7)
  4 killer bees (D:7)
  4 electric eels
  A howler monkey (D:7)
  2 jellies
  2 hounds
  A sleepcap (D:7)
  28 orc priests
  Natasha (thrice) (D:4)
  23 orc wizards
  4 iguanas
  4 hell rats
  7 adders
  10 gnolls
  5 river rats
  A white imp (D:7)
  2 worms
  2 dart slugs
  81 orcs
  8 bats
  6 endoplasms
  2 giant cockroaches
  3 goblins
  9 hobgoblins
  10 jackals
  8 quokkas
  9 ball pythons
  8 frilled lizards
  19 kobolds
  14 rats
583 creatures vanquished.

Notes
Turn   | Place    | Note
-------+----------+-------------------------------------------
     0 | D:1      | holysushi the Kobold Monk began the quest for the Orb.
     0 | D:1      | Reached XP level 1. HP: 14/14 MP: 1/1
   297 | D:1      | Reached skill level 1 in Stealth
   297 | D:1      | Reached XP level 2. HP: 15/19 MP: 2/2
   395 | D:1      | Reached skill level 4 in Dodging
   838 | D:1      | Reached XP level 3. HP: 23/23 MP: 3/3
  1619 | D:2      | Reached skill level 5 in Short Blades
  1619 | D:2      | Reached XP level 4. HP: 28/28 MP: 4/4
  1792 | D:2      | Found a runed translucent door.
  1795 | D:2      | Noticed Crazy Yiuf
  2102 | D:2      | Noticed Sigmund
  2105 | D:2      | Killed Sigmund
  2106 | D:2      | Reached skill level 5 in Dodging
  2106 | D:2      | Reached XP level 5. HP: 32/32 MP: 5/5
  2106 | D:2      | Reached XP level 6. HP: 37/37 MP: 6/6
  3442 | D:4      | Noticed Edmund
  3470 | D:4      | Killed Edmund
  3471 | D:4      | Reached XP level 7. HP: 41/41 MP: 7/7
  3517 | D:4      | Noticed Natasha
  3517 | D:4      | Noticed Pikel
  3550 | D:4      | Killed Natasha
  3674 | D:4      | HP: 1/41 [Pikel/+1 whip of freezing (6)]
  3685 | D:4      | Killed Pikel
  3686 | D:4      | Reached skill level 10 in Short Blades
  3686 | D:4      | Reached skill level 6 in Dodging
  3686 | D:4      | Reached skill level 5 in Stealth
  3686 | D:4      | Reached XP level 8. HP: 19/46 MP: 8/8
  3980 | D:4      | Found a glowing drain.
  3984 | Sewer    | Entered a sewer
  4271 | Sewer    | Reached skill level 7 in Dodging
  4952 | D:4      | Reached XP level 9. HP: 31/51 MP: 9/9
  5100 | D:4      | Noticed Natasha
  5116 | D:4      | Killed Natasha
  5253 | D:4      | Noticed Natasha
  5265 | D:4      | Killed Natasha
  5726 | D:4      | Reached skill level 8 in Dodging
  5824 | D:5      | Entered Level 5 of the Dungeon
  5884 | D:5      | Found the +4 consecrated labrys {holy, Valiant Fragile Fly
                  | SInv}
  6110 | D:5      | You fall into a shaft and drop 1 floor!
  6176 | D:6      | Found an ornate altar of the Wu Jian Council.
  6323 | D:5      | Reached skill level 9 in Dodging
  7323 | D:6      | Reached skill level 10 in Stealth
  7337 | D:6      | Reached skill level 10 in Dodging
  7347 | D:6      | Reached skill level 1 in Evocations
  7426 | D:6      | Found a radiant altar of Vehumet.
  7448 | D:6      | Reached XP level 10. HP: 56/56 MP: 10/10
  7493 | D:6      | Found a broken altar of Ashenzari.
  7953 | D:7      | Reached skill level 5 in Fighting
  7958 | D:7      | Reached skill level 11 in Dodging
  8208 | D:7      | Found a staircase to the Ecumenical Temple.
  8280 | Temple   | Entered the Ecumenical Temple
  8711 | Temple   | Became a worshipper of Dithmenos the Shadowed
  8711 | Temple   | Reached * piety under Dithmenos
  8711 | Temple   | Reached ** piety under Dithmenos
  9631 | D:8      | Found a sacrificial altar of Ru.
  9866 | D:8      | Reached skill level 1 in Invocations
 10450 | D:9      | Reached skill level 12 in Dodging
 10628 | D:9      | Noticed a two-headed ogre
 10669 | D:9      | Killed a two-headed ogre
 10933 | D:9      | Reached skill level 13 in Dodging
 11128 | D:9      | Reached XP level 11. HP: 46/63 MP: 12/12
 11376 | D:9      | Found a staircase to the Orcish Mines.
 11539 | D:10     | Entered Level 10 of the Dungeon
 11583 | D:10     | Noticed Erolcha
 11585 | D:10     | Killed Erolcha
 11586 | D:10     | Reached skill level 14 in Dodging
 11809 | D:10     | Noticed Harold
 11854 | D:10     | Killed Harold
 11855 | D:10     | Reached skill level 15 in Dodging
 12104 | D:10     | Noticed Lodul
 12114 | D:9      | Reached *** piety under Dithmenos
 12134 | D:9      | Killed Lodul
 12530 | D:10     | Noticed Fannar
 12539 | D:10     | Killed Fannar
 12566 | D:10     | Noticed Joseph
 12570 | D:10     | Killed Joseph
 12695 | D:10     | Reached XP level 12. HP: 70/70 MP: 13/13
 12943 | D:10     | Noticed Nergalle
 12977 | D:10     | Killed Nergalle
 13455 | D:11     | Reached skill level 16 in Dodging
 13693 | D:11     | Found a staircase to the Lair.
 13978 | D:11     | Reached **** piety under Dithmenos
 14200 | D:11     | Noticed a two-headed ogre
 14204 | D:11     | Killed a two-headed ogre
 14269 | Lair:1   | Entered Level 1 of the Lair of Beasts
 14292 | Lair:1   | Found a runed translucent gate.
 14292 | Lair:1   | Found a runed translucent gate.
 14824 | Lair:1   | Found a runed translucent gate.
 15266 | Lair:1   | Reached XP level 13. HP: 78/78 MP: 14/14
 15297 | Lair:1   | Noticed Cetrigux's ghost (novice SpEn)
 15378 | Lair:1   | Killed Cetrigux's ghost
 15642 | Lair:2   | Reached skill level 17 in Dodging
 15677 | Lair:2   | Found a staircase to the Shoals.
 15890 | Lair:2   | Found a staircase to the Snake Pit.
 18230 | Lair:3   | Noticed Gastronok
 18238 | Lair:3   | Killed Gastronok
 18239 | Lair:3   | Reached skill level 18 in Dodging
 18315 | Lair:3   | Reached ***** piety under Dithmenos
 18597 | Lair:2   | Reached skill level 15 in Short Blades
 18836 | Lair:3   | Reached XP level 14. HP: 84/84 MP: 15/15
 19549 | Lair:4   | Reached skill level 19 in Dodging
 19858 | Lair:4   | Found a staircase to the Slime Pits.
 19975 | Lair:4   | Reached skill level 20 in Dodging
 20509 | Lair:5   | Entered Level 5 of the Lair of Beasts
 20526 | Lair:5   | Identified a scroll of acquirement
 20535 | Lair:5   | Acquired a manual of Invocations
 20997 | Lair:5   | Reached skill level 15 in Stealth
 20997 | Lair:5   | Reached skill level 5 in Invocations
 21777 | Lair:5   | Identified the +6 great sword "Qoelacs" {heavy, rPois rF+}
 22090 | Lair:5   | Found a blossoming altar of Fedhas.
 22466 | Orc:1    | Entered Level 1 of the Orcish Mines
 22479 | Orc:1    | Found a runed translucent door.
 22481 | Orc:1    | Noticed lessens's ghost (journeyman FoFi)
 22553 | Orc:1    | Killed lessens's ghost
 22588 | Orc:2    | Entered Level 2 of the Orcish Mines
 22588 | Orc:2    | Found Bomelok's Gadget Gallery.
 22593 | Orc:2    | Bought a wand of digging (5) for 294 gold pieces
 22718 | Orc:2    | Found a staircase to the Elven Halls.
 22757 | Orc:2    | Found a shimmering altar of Xom.
 23089 | Orc:2    | Reached XP level 15. HP: 88/88 MP: 21/21
 23392 | Orc:1    | Reached ****** piety under Dithmenos
 23555 | Orc:1    | Noticed an orc warlord
 23652 | Orc:1    | Killed an orc warlord
 23653 | Orc:1    | Reached skill level 10 in Invocations
 23940 | Orc:2    | Found Seagoev's Assorted Antiques.
 23943 | Orc:2    | Bought an onyx ring for 140 gold pieces
 23943 | Orc:2    | Bought a scroll of blinking for 210 gold pieces
 23943 | Orc:2    | Bought a scroll of blinking for 210 gold pieces
 24347 | Orc:2    | Found Lereos's General Store.
 24349 | Orc:2    | Found Goakkit's General Store.
 25055 | Orc:2    | Bought 2 potions of heal wounds for 140 gold pieces
 25055 | Orc:2    | Bought a potion of heal wounds for 70 gold pieces
 25055 | Orc:2    | Bought a scroll of teleportation for 42 gold pieces
 25124 | Orc:2    | Paralysed by an orc sorcerer for 2 turns
 25342 | Orc:2    | Paralysed by an orc sorcerer for 4 turns
 25704 | Orc:2    | HP: 3/76 [sixfirhy[an orc sorcerer] (10)]
 26134 | Orc:2    | Found Zukhyczuo's Antique Weapon Emporium.
 26134 | Orc:2    | Found Imanuc's Jewellery Shoppe.
 26135 | Orc:2    | Found a one-way gate leading to the halls of Pandemonium.
 26150 | Orc:2    | Paralysed by an orc sorcerer for 3 turns
 26152 | Orc:2    | Gained mutation: You are frail. (-10% HP) [a neqoxec]
 26152 | Orc:2    | Mangled by a red devil

Illustrated notes

Levels and vault maps discovered:
D:1:      minmay_arrival_shattered_statue, layout_loops_corners,
          serial_park_tiny_2
D:2:      minmay_alternating_diamond, layout_basic, uniq_crazy_yiuf_cottage,
          uniq_sigmund
D:3:      layout_rooms, minmay_quantized
D:4:      layout_rooms, gup_sewer_entry_spiral, uniq_pikel, uniq_natasha,
          uniq_edmund
D:5:      layout_rooms, minmay_lizard_king
D:6:      layout_cave_pools, mainiacjoe_overflow_catwalk,
          grunt_temple_overflow_open, moated_statue, minmay_ruffians
D:7:      layout_cave_pools, minmay_temple_entry_gardened_gates
D:8:      layout_layer_cave, nicolae_ru_the_path_less_chosen
D:9:      layout_roguey, erik_orc_1
D:10:     layout_loops_cross, item_on_display_a, uniq_lodul, uniq_harold,
          uniq_joseph, uniq_fannar, uniq_nergalle, uniq_erolcha
D:11:     layout_irregular_city, due_lair_maze_entry_diamond,
          hangedman_decor_diamond_cutter, nrook_guardian_serpent_double
Temple:   nicolae_temple_bog_church
Lair:1:   layout_hall_layers, ebering_ghost_rock_garden,
          hangedman_lair_generics_rect
Lair:2:   layout_cave_pods, elwin_shoals_entry_rocks,
          minmay_snake_entry_spellcaster, bobbens_dragon_lair_wall,
          lemuel_fruit_tree
Lair:3:   layout_regular_city, serial_bayou_shore_a, uniq_gastronok
Lair:4:   layout_concentric_octagons, slime_entry_1, serial_bayou_pond_c,
          nicolae_quartered_pool_super, dreamdust_wasp_nest,
          serial_bayou_shore_b
Lair:5:   gammafunk_lair_ancient_temple, layout_loops_ring, lemuel_centaur_altar
Orc:1:    layout_diamond_mine, gammafunk_ghost_grave
Orc:2:    pf_orc_diabolical, layout_diamond_mine, basic_altar, serial_shops,
          shop, nicolae_shop_gadgets

Skill      XL: |  1  2  3  4  5  6  7  8  9 10 11 12 13 14 15 |
---------------+----------------------------------------------+-----
Stealth        | 1 2 3 5 7 10 11 13 14 16 18 | 18.0
Dodging        | 4 5 6 7 10 13 15 16 18 20 | 20.4
Short Blades   | 5 7 8 10 12 15 | 15.0
Evocations     | 1 4 |  4.0
Fighting       | 5 6 8 |  8.0
Invocations    | 2 9 11 | 11.2

Action                     |  1- 3 |  4- 6 |  7- 9 | 10-12 | 13-15 || total
---------------------------+-------+-------+-------+-------+-------++-------
  Melee: Short sword       |    97 |   159 |   371 |   837 |   979 ||  2443
         Punch             |     2 |     2 |     3 |    14 |    26 ||    47
         Dagger            |       |       |       |       |   536 ||   536
         Rapier            |       |       |       |       |   388 ||   388
 Invoke: Shadow Form       |       |       |       |       |     2 ||     2
  Evoke: Wand              |       |       |       |    12 |    13 ||    25
         Lightning rod     |       |       |       |       |     4 ||     4
    Use: Scroll            |     1 |     7 |       |    12 |    10 ||    30
         Potion            |       |     2 |     2 |     2 |       ||     6
   Stab: Sleeping          |    17 |    13 |    37 |    45 |    63 ||   175
         Distracted        |       |       |     2 |     5 |    16 ||    23
         Confused          |       |       |       |     2 |       ||     2
         Invisible         |       |       |       |       |     5 ||     5
 Armour: Robe              |    13 |     8 |    11 |    10 |       ||    42
         Troll leather arm |       |       |       |    13 |    55 ||    68
  Dodge: Dodged            |    50 |   115 |   186 |   464 |  1416 ||  2231
  Block: Other             |       |       |       |       |   241 ||   241
         Reflection        |       |       |       |       |     2 ||     2

Table legend: (Time is in decaauts)
 A = Elapsed time spent in this place.
 B = Non-inter-level travel time spent in this place.
 C = Inter-level travel time spent in this place.
 D = Time resting spent in this place.
 E = Time spent auto-exploring this place.
 F = Levels seen in this place.
 G = Mean time per level.
                   A        B        C        D        E       F      G
               +--------+--------+--------+--------+--------+-----+--------+
         Total |  24690 |  23557 |   1133 |   4501 |  13469 |  20 | 1234.5 |
       Dungeon |  12738 |  12168 |    570 |   1708 |   7895 |  11 | 1158.0 |
        Temple |    467 |    423 |     44 |    124 |    276 |   1 |  467.0 |
          Lair |   7283 |   6793 |    490 |   1457 |   3542 |   5 | 1456.6 |
  Orcish Mines |   3274 |   3247 |     27 |   1056 |   1207 |   2 | 1637.0 |
         Sewer |    926 |    926 |      0 |    155 |    546 |   1 |  926.0 |
               +--------+--------+--------+--------+--------+-----+--------+

Top non-repeatable levels by time:
  Lair:2: 2752 daAuts
   Orc:2: 2470 daAuts
     D:9: 1633 daAuts
     D:2: 1489 daAuts
     D:4: 1470 daAuts
  Lair:5: 1461 daAuts
     D:8: 1328 daAuts
     D:5: 1253 daAuts
  Lair:3: 1198 daAuts
    D:10: 1131 daAuts
    D:11: 1080 daAuts
     D:3: 1047 daAuts
  Lair:1: 935 daAuts
  Lair:4: 935 daAuts
   Sewer: 926 daAuts
